 Dungeon Crawl Stone Soup version 0.21.1-1-g345015f (webtiles) character file.

140 nicolaieve the Conjurer (level 5, -1/28 HPs)
             Began as a Deep Elf Conjurer on June 7, 2018.
             Slain by tidbits's ghost (5 damage)
             ... on level 3 of the Dungeon.
             The game lasted 00:28:07 (2333 turns).

nicolaieve the Conjurer (Deep Elf Conjurer)         Turns: 2333, Time: 00:28:08

Health: -1/28      AC:  4    Str:  6    XL:     5   Next: 2%
Magic:  7/12       EV: 13    Int: 20    God:
Gold:   246        SH:  0    Dex: 15    Spells: 8/11 levels left

rFire    . . .     SeeInvis .   (no weapon)
rCold    . . .     Gourm    .   (no shield)
rNeg     . . .     Faith    .   a - +1 robe
rPois    .         Spirit   .   (no helmet)
rElec    .         Reflect  .   (no cloak)
rCorr    .         Harm     .   (no gloves)
MR       .....                  g - +0 pair of boots (curse)
Stlth    ++........             (no amulet)
HPRegen  0.09/turn              (no ring)
MPRegen  0.13/turn              (no ring)

@: no status effects
A: no striking features
a: no special abilities


You were on level 3 of the Dungeon.
You were not hungry.

You visited 1 branch of the dungeon, and saw 3 of its levels.

You collected 246 gold pieces.

Inventory:

Hand Weapons
 j - a +0 hand crossbow
Missiles
 h - 97 stones (quivered)
Armour
 a - a +1 robe (worn)
 g - a cursed +0 pair of boots (worn)
 l - a cursed +0 robe
 o - a +0 robe
 r - a +0 robe
 t - a +0 robe
Scrolls
 e - a scroll of enchant weapon
 k - 3 scrolls of magic mapping
 m - a scroll of random uselessness {unknown}
 n - 2 scrolls of remove curse
Potions
 d - a potion of degeneration
 f - a potion of resistance {unknown}
 p - a potion of heal wounds {unknown}
 v - a potion of curing {unknown}
 w - a potion of lignification {unknown}
Books
 b - a book of Conjurations

   Spells                             Type                      Level
   a - Magic Dart                     Conjuration                  1
   b - Searing Ray                    Conjuration                  2
   c - Dazzling Spray                 Conjuration/Hexes            3
   d - Fulminant Prism                Conjuration/Hexes            4
   e - Force Lance                    Conjuration/Translocation    4
   f - Iskenderun's Mystic Blast      Conjuration                  4
 u - Jessica's Volume of Protection
   (You found it on level 2 of the Dungeon)

   Spells                             Type                      Level
   a - Song of Slaying                Charms                       2
Comestibles
 c - 2 rations
 i - a chunk of flesh


   Skills:
 + Level 2.4 Dodging
 - Level 2.4 Stealth
 + Level 3.9 Spellcasting
 + Level 6.6 Conjurations


You had 8 spell levels left.
You knew the following spells:

 Your Spells              Type           Power        Failure   Level  Hunger
a - Magic Dart            Conj           ####         1%          1    None
b - Searing Ray           Conj           ####..       1%          2    ##.....


Dungeon Overview and Level Annotations

Branches:
Dungeon (3/15)

Altars:
Hepliaklqana
Ru
Sif Muna
Yredelemnul

Annotations:
D:1 1 runed door
D:3 tidbits's ghost, amateur GnEn


Message History

Tidbits's ghost points at you and mumbles some strange words.
You fall asleep.
Tidbits's ghost screams, "They lied to you.
The Dungeon just goes down and down forever."
Tidbits's ghost casts a spell at you. You resist with significant effort.
Tidbits's ghost hits you!
You wake up.
Ouch! That really hurt!
* * * LOW HITPOINT WARNING * * *
Tidbits's ghost hits you.
* * * LOW HITPOINT WARNING * * *
Tidbits's ghost points at you and mumbles some strange words.
You resist with significant effort.
Tidbits's ghost points at you and mumbles some strange words.
You are confused.
You bump into the rock wall.
Tidbits's ghost screams, "Death is your only future!"
You feel less confused. Tidbits's ghost completely misses you.
Tidbits's ghost hits you.
You die...

##'#....####..........#.#
#.......)......##..####.#
#..........#######.##...#
###.........## #.##.###
.....####....# #.##.#
#######....#.#### #....#
#....#....# ##..###
.............###...#
...............W@...>.## #######
.......................####.....#
....................)...........#
#....................##..#......
#..####......####....###...####.
#......#....# #..#.#####......
####.#####....# #.......#######.
#.)...## #....## ##.#..#..# #.
..###..# #....# #.##.##..# #.


You could see tidbits's ghost.

Vanquished Creatures
  Jessica (D:2)
  An iguana (D:3)
  2 adders (D:2)
  An ooze (D:3)
  A worm (D:2)
  A leopard gecko (D:1)
  An orc (D:3)
  A ball python (D:2)
  4 giant cockroaches
  4 goblins
  3 hobgoblins
  13 jackals
  5 kobolds (D:1)
  2 quokkas (D:2)
  11 bats
  5 frilled lizards
  4 rats
60 creatures vanquished.

Notes
Turn   | Place    | Note
-------+----------+-------------------------------------------
     0 | D:1      | nicolaieve the Deep Elf Conjurer began the quest for the Orb.
     0 | D:1      | Reached XP level 1. HP: 10/10 MP: 6/6
     0 | D:1      | Noticed a jelly
     0 | D:1      | Noticed a jelly
     1 | D:1      | Found a runed door.
   113 | D:1      | Reached XP level 2. HP: 15/15 MP: 2/8
   155 | D:1      | Reached skill level 5 in Conjurations
   714 | D:2      | Reached XP level 3. HP: 19/19 MP: 4/9
   793 | D:2      | Learned a level 2 spell: Searing Ray
  1346 | D:2      | Noticed Jessica
  1426 | D:2      | Reached skill level 6 in Conjurations
  1598 | D:2      | Reached XP level 4. HP: 24/24 MP: 4/10
  1599 | D:2      | Killed Jessica
  1607 | D:2      | Identified Jessica's Volume of Protection
  1785 | D:2      | Found a basalt altar of Yredelemnul.
  2033 | D:3      | Found a basalt altar of Yredelemnul.
  2238 | D:3      | Found a faded altar of an unknown god.
  2238 | D:3      | Found a deep blue altar of Sif Muna.
  2246 | D:3      | Found a sacrificial altar of Ru.
  2253 | D:3      | Found a hazy altar of Hepliaklqana.
  2255 | D:3      | Found a faded altar of an unknown god.
  2300 | D:3      | Reached XP level 5. HP: 28/28 MP: 10/12
  2305 | D:3      | Noticed tidbits's ghost (amateur GnEn)
  2333 | D:3      | Slain by tidbits's ghost

Skill      XL: |  1  2  3 |
---------------+----------+-----
Conjurations   | 5 6 |  6.6
Dodging        | |  2.4
Stealth        | |  2.4
Spellcasting   | |  3.9

Action                   |  1- 3 |  4- 6 || total
-------------------------+-------+-------++-------
Melee: Unarmed           |     6 |    14 ||    20
 Cast: Magic Dart        |    70 |    32 ||   102
       Searing Ray       |     1 |     7 ||     8
  Use: Scroll            |       |     8 ||     8
  Eat: Chunk             |       |     4 ||     4
Armor: Robe              |     8 |     2 ||    10
Dodge: Dodged            |    21 |    11 ||    32
